 Dungeon Crawl Stone Soup version 0.28.0-43-g3370ac3207 (webtiles) character file.

Game seed: 15516693096485825572

86 pkoi the Insei (level 4, -5/38 HPs)
             Began as a Draconian Monk on Mar 15, 2022.
             Was a Believer of Dithmenos.
             Slain by Natasha (8 damage)
             ... on level 2 of the Dungeon.
             The game lasted 00:01:56 (2101 turns).

pkoi the Insei (Draconian Monk)                     Turns: 2101, Time: 00:01:57

Health: -5/38      AC:  5    Str: 13    XL:     4   Next: 26%
Magic:  4/4        EV: 12    Int: 12    God:    Dithmenos [**....]
Gold:   54         SH:  0    Dex: 14    Spells: 1/3 levels left

rFire   . . .      SeeInvis .     - Unarmed
rCold   . . .      Faith    .   (no shield)
rNeg    . . .      Spirit   .   (armour unavailable)
rPois   .          Reflect  .   (helmet restricted)
rElec   .          Harm     .   (no cloak)
rCorr   .          Rampage  .   (no gloves)
Will    .....                   (no boots)
Stlth   ++........              (no amulet)
HPRegen 0.12/turn               (no ring)
MPRegen 0.09/turn               (no ring)

@: slowed, wreathed by umbra, very slow
A: AC +5, unfitting armour, cold-blooded
a: Renounce Religion, Shadow Step


You were on level 2 of the Dungeon.
You worshipped Dithmenos.
Dithmenos was pleased with you.
You visited 1 branch of the dungeon, and saw 2 of its levels.

You collected 54 gold pieces.

Inventory:

Hand Weapons
 d - a +0 dagger
Scrolls
 b - a scroll of acquirement {unknown}
 c - a scroll of vulnerability {unknown}
 h - a scroll of identify {unknown}
Potions
 a - a potion of mutation {unknown}
 e - a potion of curing {unknown}
 f - a potion of lignification {unknown}
 g - a potion of brilliance {unknown}
 i - a potion of heal wounds {unknown}


   Skills:
 - Level 3.2 Fighting
 - Level 2.6 Dodging
 - Level 1.7 Stealth
 + Level 5.1 Unarmed Combat


You had one spell level left.
You knew the following spells:

 Your Spells              Type           Power      Damage    Failure   Level
a - Blink                 Tloc           0%         N/A       45%         2

Your spell library contained the following spells:

 Spells                   Type           Power      Damage    Failure   Level
 Corpse Rot               Necr/Air       0%         N/A       45%         2
 Poisonous Vapours        Pois/Air       0%         N/A       45%         2
 Manifold Assault         Tloc           0%         N/A       100%        5
 Storm Form               Tmut/Air       0%         N/A       100%        7


Dungeon Overview and Level Annotations

Branches:
Dungeon (2/15)

Altars:
Dithmenos

Annotations:
D:2 Natasha


Innate Abilities, Weirdness & Mutations

Your plain brown scales are hard. (AC +5)
You cannot fit into any form of body armour.
You are cold-blooded and may be slowed by cold attacks.


Message History

Natasha completely misses you.
You hit Natasha.
Natasha is heavily wounded.
Natasha barely misses you.
You hit Natasha.
Your tail-slap misses Natasha.
Natasha is severely wounded.
Natasha completely misses you. Natasha misses you.
You closely miss Natasha.
Natasha is severely wounded.
Natasha closely misses you.
You closely miss Natasha.
Natasha is severely wounded.
Natasha claws you.
* * * LOW HITPOINT WARNING * * *
Natasha howls an incantation.
You feel troubled. Natasha barely misses you.
You barely miss Natasha.
Natasha is heavily wounded.
Natasha closely misses you.
Unknown command.
You hit Natasha.
Your tail-slap misses Natasha.
Natasha is almost dead.
Natasha mumbles some strange words.
Natasha shimmers violently.
Natasha claws you!
* * * LOW HITPOINT WARNING * * *
Unknown command.
You completely miss Natasha.
Natasha is almost dead.
Natasha claws you!
* * * LOW HITPOINT WARNING * * *
Natasha casts a spell at you. The magic dart hits you.
* * * LOW HITPOINT WARNING * * *
You closely miss Natasha.
Your tail-slap misses Natasha.
You punch Natasha, but do no damage.
Natasha is almost dead.
Natasha claws you!
You die...

.# .#
#############.##.##
........h@.........
#.#####.####..##...
#.# #..# #.# #..#
#.###.####÷.#
#.......†÷h#
#.########.## #.#
####.######


You could see Natasha.

Vanquished Creatures
  Natasha (twice) (D:2)
  A dart slug (D:2)
  A bat (D:2)
  4 endoplasms
  A giant cockroach (D:1)
  5 goblins
  3 hobgoblins
  2 jackals (D:1)
  A quokka (D:1)
  4 ball pythons
  3 frilled lizards
  3 kobolds
  4 rats
34 creatures vanquished.

Vanquished Creatures (others)
  3 plants (D:1)
  14 withered plants (D:1)
17 creatures vanquished.

Grand Total: 51 creatures vanquished

Notes
Turn   | Place    | Note
-------+----------+-------------------------------------------
     0 | D:1      | pkoi the Draconian Monk began the quest for the Orb.
     0 | D:1      | Reached XP level 1. HP: 19/19 MP: 1/1
   542 | D:1      | Reached XP level 2. HP: 22/26 MP: 2/2
   694 | D:1      | Found a faded altar of an unknown god.
   957 | D:2      | Reached skill level 4 in Unarmed Combat
   962 | D:2      | Noticed Natasha
  1597 | D:2      | Reached XP level 3. HP: 26/31 MP: 3/3
  1646 | D:2      | Learned a level 2 spell: Blink
  1723 | D:2      | Found a shadowy altar of Dithmenos.
  1738 | D:2      | Became a worshipper of Dithmenos the Shadowed
  1738 | D:2      | Reached * piety under Dithmenos
  1738 | D:2      | Reached ** piety under Dithmenos
  1817 | D:2      | Killed Natasha
  1839 | D:2      | Noticed Natasha
  1862 | D:2      | Killed Natasha
  1863 | D:2      | Reached skill level 5 in Unarmed Combat
  1863 | D:2      | Reached XP level 4. HP: 12/38 MP: 4/4
  2071 | D:2      | Noticed Natasha
  2101 | D:2      | Slain by Natasha

Illustrated notes

Levels and vault maps discovered:
D:1:      lemuel_arrival_muddy, layout_loops_ring,
          shapermc_ecumenical_altar_flowoftime
D:2:      layout_loops_ring, basic_altar, minivault_25, lemuel_flame_loot_1,
          uniq_robin, uniq_natasha

Skill      XL: |  1  2  3 |
---------------+----------+-----
Unarmed Combat | 4 5 |  5.1
Fighting       | |  3.2
Dodging        | |  2.6
Stealth        | |  1.7

Action                   |  1- 3 |  4- 6 || total
-------------------------+-------+-------++-------
Melee: Unarmed           |   138 |    17 ||   155
       Tailslap          |    14 |     1 ||    15
       Punch             |     3 |     1 ||     4
 Stab: Sleeping          |     3 |       ||     3
Armor: Skin              |    24 |       ||    24
Dodge: Dodged            |    66 |    12 ||    78
